 Dungeon Crawl Stone Soup version 0.29.1-2-gbd0b4ee654 (webtiles) character file.

Game seed: 666913808047641140

385 LustLizard the Insei (level 6, 0/41 HPs)
             Began as an Octopode Transmuter on Nov 29, 2022.
             Slain by an orc
             ... wielding a +0 club
              (5 damage)
             ... on level 4 of the Dungeon.
             The game lasted 00:05:56 (3019 turns).

LustLizard the Insei (Octopode Transmuter)          Turns: 3019, Time: 00:05:57

Health: 0/41       AC:  1    Str:  9    XL:     6   Next: 77%
Magic:  8/9        EV: 13    Int: 18    God:
Gold:   120        SH:  0    Dex: 18    Spells: 2/9 levels left

rFire   . . .      SeeInvis .     - Unarmed
rCold   . . .      Faith    .   (no shield)
rNeg    . . .      Spirit   .   (helmet restricted)
rPois   .          Reflect  .   (no amulet)
rElec   .          Harm     .   h - +6 ring of dexterity
rCorr   +          Rampage  .   t - ring of resist corrosion
Will    .....                   (no ring)
Stlth   +++.......              (no ring)
HPRegen 0.13/turn               (no ring)
MPRegen 0.11/turn               (no ring)
                                (no ring)
                                (no ring)

@: wereblooded
A: almost no armour, amphibious, 8 rings, camouflage 1, gelatinous body 1,
(nimble swimmer 1), tentacles
a: no special abilities


You were on level 4 of the Dungeon.
You visited 1 branch of the dungeon, and saw 4 of its levels.

You collected 120 gold pieces.

Inventory:

Jewellery
 h - a +6 ring of dexterity (left tentacle)
 t - a ring of resist corrosion (right tentacle)
Scrolls
 d - a scroll of amnesia {unknown}
 e - a scroll of identify
 f - a scroll of brand weapon {unknown}
 g - a scroll of poison {unknown}
 i - 2 scrolls of noise {unknown}
 j - a scroll of fear {unknown}
 k - a scroll of magic mapping {unknown}
 n - a scroll of acquirement {unknown}
 p - a scroll of blinking {unknown}
 q - 2 scrolls of fog {unknown}
 s - a scroll of summoning {unknown}
Potions
 a - a potion of lignification
 b - 2 potions of brilliance
 c - a potion of curing {unknown}
 l - 2 potions of might
 m - 2 potions of berserk rage
 o - a potion of heal wounds {unknown}
 r - a potion of flight {unknown}


   Skills:
 + Level 2.9 Fighting
 - Level 2.0 Dodging
 * Level 5.0 Unarmed Combat
 - Level 2.0 Spellcasting
 + Level 4.1 Transmutations
 * Level 2.2 Ice Magic


You had 2 spell levels left.
You knew the following spells:

 Your Spells              Type           Power      Damage    Failure   Level
a - Beastly Appendage     Tmut           32%        N/A       3%          1
b - Wereblood             Tmut           16%        N/A       4%          2
c - Ice Form              Ice/Tmut       13%        N/A       43%         4

Your spell library contained the following spells:

 Spells                   Type           Power      Damage    Failure   Level
 Magic Dart               Conj           4%         1d3       19%         1
 Call Imp                 Summ           1%         N/A       26%         2
 Spider Form              Tmut/Pois      9%         N/A       24%         3
 Mephitic Cloud           Conj/Pois/Air  1%         N/A       47%         3


Dungeon Overview and Level Annotations

Branches:
Dungeon (4/15)
 Temple: D:4-7

Altars:
Uskayaw
The Shining One

Annotations:
D:3 Ijyb, Jessica


Innate Abilities, Weirdness & Mutations

You cannot wear most types of armour.
You are amphibious.
You can wear up to eight rings at the same time.
Your skin changes colour to match your surroundings (Stealth+).
Your rubbery body absorbs attacks. (AC +1, EV +1)
((You are camouflaged when in or above water. (Stealth+)))
You have tentacles for arms and can constrict up to eight enemies at once.


Message History

The orc wizard hits you with a +1 dagger of freezing.
The orc wizard freezes you.
You barely miss the orc. You grab the orc.
Your tentacle spike misses the orc.
You constrict the orc.
The orc struggles to escape constriction.
The orc wizard hits you with a +1 dagger of freezing.
The orc wizard freezes you.
You tentacle-slap the orc wizard. Your grab misses the orc wizard.
You tentacle-slap the orc wizard.
The orc wizard is heavily wounded.
Your tentacle spike disappears.
You constrict the orc.
The orc escapes!
The orc wizard barely misses you.
You miss the orc wizard. You grab the orc wizard. You squeeze the orc wizard.
The orc wizard is severely wounded.
You constrict the orc wizard. The orc barely misses you.
The orc hits you with a +0 club.
The orc wizard points at you and mumbles some strange words.
The puff of flame hits you!
* * * LOW HITPOINT WARNING * * *
You tentacle-slap the orc wizard.
You feel a bit better.
You kill the orc wizard!
The orc misses you. x2
Your Unarmed Combat skill increases to level 5!
You closely miss the orc. You grab the orc.
The orc is moderately wounded.
You constrict the orc, but do no damage.
The orc hits you with a +0 mace.
* * * LOW HITPOINT WARNING * * *
The endoplasm hits you.
* * * LOW HITPOINT WARNING * * *
The orc misses you.
You bludgeon the endoplasm!
You feel a bit better.
You kill the endoplasm!
You constrict the orc. The orc barely misses you.
The orc hits you with a +0 mace.
* * * LOW HITPOINT WARNING * * *
You bludgeon the orc!
You feel a bit better.
You kill the orc!
The orc hits you with a +0 club.
You die...

######## .########
#....... ........#
#....... ........#
#....... ........#
#.......
......##############.#
.............# #.#
#o)......[..#####.#
#)@.........#.....#
#....[............#
.####.............#...#
.....$.................
.......................
....###..........#.#####
.... #####...##...# ...
#######...##.#.# ..
..........##.#.# ##.


You could see an orc.

Vanquished Creatures
  Sigmund (D:2)
  An orc priest (D:4)
  Natasha (thrice) (D:2)
  An orc wizard (D:4)
  3 adders
  3 dart slugs
  2 orcs (D:4)
  9 endoplasms
  4 giant cockroaches
  7 goblins
  5 hobgoblins
  2 quokkas
  5 ball pythons
  3 bats (D:2)
  8 frilled lizards
  5 kobolds
  12 rats
74 creatures vanquished.

Notes
Turn   | Place    | Note
-------+----------+-------------------------------------------
     0 | D:1      | LustLizard the Octopode Transmuter began the quest for the
                  | Orb.
     0 | D:1      | Reached XP level 1. HP: 13/13 MP: 3/3
   135 | D:1      | Reached XP level 2. HP: 18/18 MP: 5/5
   148 | D:1      | Learned a level 2 spell: Wereblood
   989 | D:2      | Reached XP level 3. HP: 22/23 MP: 4/6
  1011 | D:2      | Found a hide-covered altar of Uskayaw.
  1029 | D:2      | Found a faded altar of an unknown god.
  1271 | D:2      | Noticed Sigmund
  1345 | D:2      | Reached XP level 4. HP: 17/29 MP: 3/7
  1358 | D:2      | Noticed Natasha
  1362 | D:2      | Killed Natasha
  1490 | D:2      | Noticed Natasha
  1495 | D:2      | Killed Natasha
  1496 | D:2      | Reached skill level 4 in Unarmed Combat
  1656 | D:2      | Noticed Natasha
  1664 | D:2      | Killed Natasha
  1665 | D:2      | Reached XP level 5. HP: 21/34 MP: 6/8
  1872 | D:2      | Learned a level 4 spell: Ice Form
  1884 | D:2      | Identified the +4 sling "Juesy" {flame, MP+9 Dex+4}
  2126 | D:2      | Killed Sigmund
  2127 | D:2      | Reached skill level 1 in Ice Magic
  2127 | D:2      | Reached XP level 6. HP: 23/41 MP: 6/9
  2303 | D:3      | Noticed Ijyb
  2712 | D:3      | Noticed Jessica
  2742 | D:3      | Found a glowing golden altar of the Shining One.
  3017 | D:4      | Reached skill level 5 in Unarmed Combat
  3018 | D:4      | HP: 2/41 [orc/+0 mace (5)]
  3019 | D:4      | Slain by an orc

Illustrated notes

Levels and vault maps discovered:
D:1:      minmay_arrival_five_plusses, layout_basic
D:2:      layout_loops_ring, basic_altar, chequers_ecumenical_altar_island,
          minivault_19, minmay_pentomino_pile, uniq_natasha, uniq_sigmund
D:3:      layout_rooms, tgw_sif, tso_altar, serial_curves, eino_curves_01,
          eino_curves_02, minmay_quantized, uniq_ijyb
D:4:      layout_basic, mainiacjoe_overflow_six_doors_small,
          ebering_ghost_rock_garden, minmay_joined_circles, uniq_menkaure

Skill      XL: |  1  2  3  4  5  6 |
---------------+-------------------+-----
Transmutations | 3 4 |  4.1
Fighting       | 2 |  2.9
Unarmed Combat | 4 5 |  5.0
Ice Magic      | 1 2 |  2.2
Dodging        | |  2.0
Spellcasting   | |  2.0

Action                   |  1- 3 |  4- 6 || total
-------------------------+-------+-------++-------
Melee: Unarmed           |    66 |    68 ||   134
       Constrict         |    16 |    18 ||    34
       Tentacles         |    12 |    13 ||    25
       Kick              |    12 |    12 ||    24
       Punch             |     1 |     2 ||     3
 Cast: Beastly Appendage |    13 |    11 ||    24
       Wereblood         |     1 |     3 ||     4
  Use: Scroll            |       |     3 ||     3
 Stab: Sleeping          |     9 |     5 ||    14
Armor: Skin              |     2 |     3 ||     5
Dodge: Dodged            |    32 |    31 ||    63
